 Dungeon Crawl Stone Soup version 0.18-a0-596-g6468885 (webtiles) character file.

154 4thArraOfDagon the Ducker (level 5, -4/36 HPs)
             Began as an Octopode Artificer on Dec 3, 2015.
             Slain by Terence
             ... wielding a +0 falchion
              (7 damage)
             ... on level 2 of the Dungeon.
             The game lasted 00:01:07 (105 turns).

4thArraOfDagon the Ducker (Octopode Artificer)       Turns: 105, Time: 00:01:08

Health: -4/36      AC:  1    Str: 10    XL:     5   Next: 35%
Magic:  7/7        EV: 13    Int: 15    God:
Gold:   0          SH:  0    Dex: 13    Spells: 0 memorised, 4 levels left

rFire  . . .     SeeInvis .     a - +0 short sword
rCold  . . .     Clarity  .     (no shield)
rNeg   . . .     SustAt   .     (helmet restricted)
rPois  .         Gourm    .     (no amulet)
rElec  .         Spirit   .     (no ring)
rCorr  .         Dismiss  .     (no ring)
rMut   .         Stasis   .     (no ring)
MR     .....                    (no ring)
Stlth  +++.......               (no ring)
                                (no ring)
                                (no ring)
                                (no ring)

@: not resistant to hostile enchantments, fairly stealthy
A: almost no armour, amphibious, 8 rings, constrict 8, camouflage 1, gelatinous
body 1
a: no special abilities


You were on level 2 of the Dungeon.
You were not hungry.

You visited 1 branch of the dungeon, and saw 2 of its levels.

Inventory:

Hand Weapons
 a - a +0 short sword (weapon)
Wands
 b - a wand of flame (15)
 c - a wand of enslavement (9)
 d - a wand of random effects (11)
Scrolls
 h - a scroll of noise {unknown}
Potions
 f - a potion of heal wounds {unknown}
Comestibles
 e - a bread ration
 g - a meat ration


   Skills:
 + Level 3.5 Fighting
 - Level 1.0 Short Blades
 + Level 4.0 Dodging
 - Level 1.3 Stealth
 - Level 3.2 Evocations


You had 4 spell levels left.
You didn't know any spells.

Dungeon Overview and Level Annotations

Branches:
Dungeon (2/15)

Altars:

Annotations:
D:2 Terence


Innate Abilities, Weirdness & Mutations

You cannot wear most types of armour.
You are amphibious.
You can wear up to eight rings at the same time.
You can use your tentacles to constrict eight enemies at once.
Your skin changes colour to match your surroundings (Stealth).
Your rubbery body absorbs attacks (AC +1).


Message History

Your giant cockroach closely misses the quokka.
Terence hits your giant cockroach with a falchion.
Your giant cockroach dies!
The quokka bites you.
* * * LOW HITPOINT WARNING * * *
Unknown command.
Unknown command.
Evoke which item? (* to show all) (? for menu, Esc to quit)
Zapping:
c - a wand of enslavement (11)
Press: ? - help, Shift-Dir - straight line, f - quokka
Aim: a quokka (moderately wounded, chance to defeat MR: 85%)
The quokka is charmed.
This wand has 10 charges left.
Unknown command.
Evoke which item? (* to show all) (? for menu, Esc to quit)
Zapping:
c - a wand of enslavement (10)
Press: ? - help, Shift-Dir - straight line, f - Terence, p - quokka
Aim: Terence, wielding a falchion and wearing a ring mail (chance to defeat MR: 62%) Terence resists with significant effort.
This wand has 9 charges left.
Terence hits you with a falchion!
You die...

.#############
..............#
...............#
.............r.#
............r@@#
........<#)#####
........)..#
.....>...##
..#.....#
###.....#
#...<...#
.....#.....#
.... #.....#


You could see Terence, a rat and a friendly quokka.

Vanquished Creatures
  Sigmund (D:2)
  3 goblins
4 creatures vanquished.

Vanquished Creatures (collateral kills)
  A giant gecko (D:2)
1 creature vanquished.

Vanquished Creatures (others)
  A giant cockroach (D:2)
  A hobgoblin (D:2)
2 creatures vanquished.

Grand Total: 7 creatures vanquished

Notes
Turn   | Place    | Note
--------------------------------------------------------------
     0 | D:1      | 4thArraOfDagon the Octopode Artificer began the quest for the Orb.
     0 | D:1      | Reached XP level 1. HP: 13/13 MP: 3/3
    83 | D:2      | Noticed Sigmund
    86 | D:2      | Noticed Terence
    91 | D:2      | Killed Sigmund
    91 | D:2      | Reached skill level 4 in Dodging
    91 | D:2      | Reached XP level 2. HP: 7/21 MP: 4/4
    91 | D:2      | Reached XP level 3. HP: 8/26 MP: 5/5
    91 | D:2      | Reached XP level 4. HP: 9/31 MP: 6/6
    91 | D:2      | Reached XP level 5. HP: 10/36 MP: 7/7
   105 | D:2      | Slain by Terence

Vault maps used:
D:1:      saegor_arrival_simple_e
D:2:      nicolae_dithmenos_through_a_glass_darkly, uniq_sigmund, uniq_terence

Action                   |  1- 3 |  4- 6 || total
-------------------------+-------+-------++-------
Melee: Short sword       |     5 |     1 ||     6
Evoke: Wand              |     3 |     7 ||    10
 Stab: Confused          |     1 |       ||     1
